Map: Acropolis LE

Players

casshernD

  • Race: Protoss Protoss
  • League: Master
  • Spawn Location: 11:00

Mez - Winner!

  • Race: Terran Terran
  • League: Master
  • Spawn Location: 5:00

VOD

Have the link to the VOD?

Description

Time

  • Played on: Aug. 16, 2019, 6:16 a.m.
  • Length: 8:34
Show
View Real Time Build Order
Export as new Build Order

casshernD Protoss 

Build Orders:  

Get SALT Encoding   

  12  0:01  Probe  
  13  0:13  Probe  
  14  0:22  Pylon  
  14  0:25  Probe  
  15  0:37  Probe  
  15  0:41  Gateway  
  16  0:46  Probe  
  17  0:54  Probe  
  17  0:57  Assimilator  
  18  1:05  Pylon  
  18  1:06  Probe  
  19  1:18  Probe  
  20  1:22  Pylon  
  20  1:30  Probe  
  21  1:36  Cybernetics Core  
  21  1:50  Gateway x2  
  21  2:02  Pylon  
  21  2:06  Adept  
  21  2:08  Warp Gate  
  20  2:22  Probe  
  23  2:23  Assimilator  
  23  2:27  Pylon  
  23  2:34  Probe  
  24  2:37  Adept x2  
  24  2:38  Adept  
  30  3:00  Pylon  
  30  3:09  Robotics Facility  
  30  3:13  Zealot  
  30  3:15  Zealot  
  30  3:16  Zealot  
  36  3:25  Pylon  
  36  4:03  Pylon  
  30  4:23  Stalker x3  
  34  4:35  Immortal  
  32  4:47  Zealot  
  32  4:49  Zealot x2  
  38  4:58  Pylon  
  37  5:14  Adept  
  37  5:15  Adept x2  
  42  5:47  Zealot x3  
  12  6:15  Stalker  
  12  6:16  Stalker  
  16  6:28  Adept  
  18  6:43  Sentry x2  
  22  6:55  Sentry  
  16  7:45  Probe  
Show
View Real Time Build Order
Export as new Build Order

Mez Terran - Winner!

Build Orders: Reaper Expand 

Get SALT Encoding   

  12  0:00  SCV  
  13  0:13  SCV  
  14  0:17  Supply Depot  
  14  0:25  SCV  
  15  0:39  SCV  
  15  0:40  Barracks  
  16  0:45  Refinery  
  16  0:51  SCV  
  17  1:03  SCV  
  18  1:15  SCV  
  19  1:28  Reaper  
  19  1:29  Orbital Command  
  20  1:40  Command Center  
  20  1:55  SCV  
  20  1:59  Bunker  
  21  2:05  Supply Depot  
  21  2:06  Barracks Reactor  
  22  2:15  SCV  
  22  2:27  Command Center  
  22  2:33  SCV  
  23  2:43  Marine x2  
  25  2:49  SCV  
  26  2:53  SCV  
  26  2:54  Factory  
  27  3:01  Refinery, Marine  
  27  3:03  Marine  
  29  3:11  Bunker  
  29  3:16  Orbital Command  
  29  3:21  Marine  
  29  3:22  Marine  
  31  3:35  Bunker  
  31  3:41  Marine x2  
  32  3:42  Factory Tech Lab  
  33  3:48  SCV, Starport  
  33  4:05  SCV x2  
  33  4:12  Liberator  
  31  4:47  Marine x2  
  33  4:57  SCV x2  
  35  5:01  Siege Tank  
  38  5:11  SCV  
  38  5:12  SCV x2, Liberator  
  41  5:24  Orbital Command  
  41  5:25  SCV x2  
  45  5:33  Refinery  
  46  5:37  SCV x2  
  46  5:39  Supply Depot  
  46  5:49  SCV x2  
  42  6:02  Marine x2  
  42  6:03  Siege Tank  
  47  6:04  SCV  
  47  6:05  SCV  
  48  6:25  SCV  
  48  6:26  SCV x2  
  48  6:28  Starport Tech Lab  
  48  6:32  Marine x2  
  50  6:38  SCV  
  50  6:39  Siege Tank  
  54  6:41  SCV x2  
  56  6:50  SCV  
  56  6:51  Marine x2  
  56  6:52  Supply Depot  
  59  6:55  Raven  
  59  7:00  SCV  
  59  7:01  Barracks x2  
  62  7:07  Engineering Bay  
  62  7:09  Marine x2  
  62  7:12  SCV  
  62  7:15  Supply Depot  
  63  7:32  SCV x3  
  66  7:40  Supply Depot  
  66  7:41  Supply Depot  
  66  7:42  Missile Turret  
  65  7:44  SCV x2  
  65  7:45  Missile Turret  
  65  7:48  Refinery  
  65  7:49  Starport Reactor  
  67  7:51  Marine x2  
  67  7:57  Factory Reactor  
  69  7:58  Supply Depot  
  69  8:02  SCV x2  
Tags
 
Add a new tag
Caveats
  • Supply blocks, unpowered buildings, or Contaminate may cause inaccurate times.
  • Supply counts are checked every 10 seconds.